 Dungeon Crawl Stone Soup version 0.28-a0-1638-g9123634e07 (webtiles) character file.

Game seed: 12721517116489615929

7 cheechan the Ducker (level 1, 0/10 HPs)
             Began as a Felid Chaos Knight on Jan 25, 2022.
             Was a Plaything of Xom.
             Slain by an adder (5 damage)
             ... on level 2 of the Dungeon.
             The game lasted 00:01:00 (229 turns).

cheechan the Ducker (Felid Chaos Knight)             Turns: 229, Time: 00:01:01

Health: 0/10       AC:  1    Str:  8    XL:     1   Next: 91%
Magic:  2/2        EV: 17    Int: 13    God:    Xom [..*...]
Gold:   0          SH:  0    Dex: 15    Spells: 0/0 levels left
                                        Lives:  0   Deaths: 0

rFire   . . .      SeeInvis +     - Unarmed
rCold   . . .      Faith    .   (shield unavailable)
rNeg    . . .      Spirit   .   (armour unavailable)
rPois   .          Reflect  .   (helmet unavailable)
rElec   .          Harm     .   (cloak unavailable)
rCorr   .          Rampage  .   (gloves unavailable)
Will    .....                   (boots unavailable)
Stlth   +.........              (no amulet)
HPRegen 0.03/turn               (no ring)
MPRegen 0.08/turn               (no ring)

@: quick
A: very small, claws 1, fangs 3, see invisible, speed 1, shaggy fur 1, stealthy
paws, no weapons or thrown items, no armour, multi-lived
a: Renounce Religion


You were on level 2 of the Dungeon.
You worshipped Xom.
You were a toy of Xom.
You visited 1 branch of the dungeon, and saw 2 of its levels.

Inventory:

Missiles
 b - 72 stones
Potions
 d - a potion of ambrosia


   Skills:
 + Level 3.2 Fighting
 + Level 3.2 Dodging
 + Level 3.2 Unarmed Combat
 * Level 0.1 Spellcasting


You couldn't memorise any spells.
You didn't know any spells.
Your spell library contained the following spells:

 Spells                   Type           Power      Damage    Failure   Level
 Slow                     Hex            0%         N/A       30%         1
 Summon Guardian Golem    Hex/Summ       0%         N/A       67%         3
 Silence                  Hex/Air        0%         N/A       100%        5


Dungeon Overview and Level Annotations

Branches:
Dungeon (2/15)

Altars:


Innate Abilities, Weirdness & Mutations

You have sharp claws.
You have razor-sharp teeth.
You have supernaturally acute eyesight. (SInv)
You cover ground quickly. (Speed+)
You are covered in fur. (AC +1)
Your paws help you pounce on unaware monsters.
You are incapable of wielding weapons or throwing items.
You cannot wear armour.
You gain extra lives every three experience levels.


Message History

The dart slug is heavily wounded.
The dart slug barely misses you.
You claw the dart slug!
You kill the dart slug!
An adder comes into view.
You see here 27 stones.
A ball python comes into view.
You see here 27 stones.
b - 72 stones (gained 27)
A quokka comes into view.
The adder hisses angrily.
You scratch the ball python.
You kill the ball python!
A goblin comes into view. It is wielding a +0 dagger.
You see here a ball python corpse.
A goblin comes into view. It is wielding a +0 club.
The goblin shouts!
You hear a shout!
The adder bites you.
A goblin comes into view. It is wielding a +0 club.
A goblin comes into view. It is wielding a +1 dagger of venom.
You miss the adder.
The goblin shouts!
Your bite misses the adder. The adder completely misses you.
A goblin comes into view. It is wielding a +0 dagger.
The adder bites you.
You completely miss the adder.
The goblin shouts!
You hear a shout! x2
A goblin comes into view. It is wielding a +0 dagger.
A goblin comes into view. It is wielding a +0 club.
A goblin comes into view. It is wielding a +0 dagger.
The adder barely misses you.
You barely miss the adder.
The goblin shouts!
A goblin comes into view. It is wielding a +0 club.
The adder closely misses you.
A goblin comes into view. It is wielding a +0 dagger.
You miss the adder. The quokka closely misses you. The adder bites you.
Ouch! That really hurt!
You die...
Xom bursts into laughter!

#############
............##########
...............#.....##
......................##
#.................###
##........<.........#
##................#
###...............##
#..†@S............#
#.....#.r.............#
.......#.............##
..####g.......#.....## .
g......#........#
g....>....######.#
gg......##.. .gg......#
##


You could see an adder, a quokka and 7 goblins.

Vanquished Creatures
  A dart slug (D:2)
  An endoplasm (D:1)
  2 ball pythons (D:2)
  A frilled lizard (D:1)
  A goblin (D:1)
6 creatures vanquished.

Notes
Turn   | Place    | Note
-------+----------+-------------------------------------------
     0 | D:1      | cheechan the Felid Chaos Knight began the quest for the
                  | Orb.
     0 | D:1      | Reached XP level 1. HP: 10/10 MP: 2/2
     7 | D:1      | Got the Handbook of Bewitchment
   208 | D:2      | XOM: potion effect (curing)
   229 | D:2      | Slain by an adder

Illustrated notes

Levels and vault maps discovered:
D:1:      co_arrival_square_in_a_square_in_a_square, layout_loops_ring
D:2:      layout_rooms, basic_altar, nicolae_ecumenical_oubliette, uniq_robin

Action                   || total
-------------------------++-------
Melee: Unarmed           ||    18
       Bite              ||     2
       Punch             ||     1
  Use: Scroll            ||     3
 Stab: Sleeping          ||     1
Dodge: Dodged            ||    14

Table legend: (Time is in decaauts)
 A = Elapsed time spent in this place.
 B = Non-inter-level travel time spent in this place.
 C = Inter-level travel time spent in this place.
 D = Time resting spent in this place.
 E = Time spent auto-exploring this place.
 F = Levels seen in this place.
 G = Mean time per level.
                   A        B        C        D        E       F      G
               +--------+--------+--------+--------+--------+-----+--------+
         Total |    187 |    187 |      0 |      0 |      0 |   2 |   93.5 |
       Dungeon |    187 |    187 |      0 |      0 |      0 |   2 |   93.5 |
               +--------+--------+--------+--------+--------+-----+--------+

Top non-repeatable levels by time:
     D:1: 152 daAuts
     D:2: 35 daAuts
